 Dungeon Crawl Stone Soup version 0.30-a0-782-ge64f9170bb (webtiles) character file.

Game seed: 589039390792022532

853 theswoord the Cruncher (level 8, -2/44 HPs)
             Began as a Gargoyle Gladiator on Mar 17, 2023.
             Was an Initiate of Wu Jian.
             Slain by Menkaure (15 damage)
             ... on level 5 of the Dungeon.
             The game lasted 00:07:37 (3631 turns).

theswoord the Cruncher (Gargoyle Gladiator)         Turns: 3631, Time: 00:07:38

Health: -2/44      AC: 18    Str: 21    XL:     8   Next: 1%
Magic:  8/8        EV:  6    Int:  8    God:    Wu Jian [......]
Gold:   378        SH:  5    Dex: 11    Spells: 7/7 levels left

rFire   . . .      SeeInvis .    a - +0 quarterstaff (venom)
rCold   . . .      Faith    .    (shield currently unavailable)
rNeg    + . .      Spirit   .    m - +0 plate armour
rPois   ∞          Reflect  +    c - +1 helmet
rElec   +          Harm     .    f - +0 cloak
rCorr   .          Rampage  .    (no gloves)
Will    .....                    (no boots) Stlth
                                 k - amulet of reflection
HPRegen 0.27/turn                (no ring)
MPRegen 0.11/turn                (no ring)

@: no status effects
A: sickness immunity, AC +5, negative energy resistance 1, electricity
resistance, torment resistance 1, petrification resistance
a: Renounce Religion


You were on level 5 of the Dungeon.
You worshipped Wu Jian.
Wu Jian was noncommittal.
You visited 2 branches of the dungeon, and saw 6 of its levels.
You also visited: Sewer.

You collected 378 gold pieces.

Inventory:

Hand Weapons
 a - a +0 quarterstaff of venom (weapon)
Missiles
 e - a javelin (quivered)
Armour
 b - a +0 leather armour
 c - a +1 helmet (worn)
 f - a +0 cloak (worn)
 m - a +0 plate armour (worn)
Jewellery
 k - an amulet of reflection (around neck)
Scrolls
 g - 2 scrolls of identify
 l - a scroll of vulnerability
 q - a scroll of fog {unknown}
 s - a scroll of teleportation
Potions
 h - a potion of resistance
 i - a potion of haste
 j - 5 potions of curing
 n - a potion of lignification
 o - a potion of berserk rage
 p - a potion of attraction
 r - a potion of cancellation


   Skills:
 - Level 2.1 Fighting
 + Level 9.3 Staves
 - Level 1.7 Throwing
 - Level 2.4 Dodging


You had 7 spell levels left.
You didn't know any spells.
Your spell library was empty.

Dungeon Overview and Level Annotations

Branches:
Dungeon (5/15)             Temple (1/1) D:4           Sewer (visited)

Altars:
Cheibriados
Dithmenos
Fedhas
Gozag
Kikubaaqudgha
Makhleb
Nemelex Xobeh
Okawaru
Uskayaw
Wu Jian
Xom
Zin
The Shining One

Shops:
D:4 :

Annotations:
D:5 Menkaure


Innate Abilities, Weirdness & Mutations

You are immune to sickness and miasma.
Your stone body is resilient. (AC +5)
You are immune to poison.
You resist negative energy. (rN+)
You are resistant to electric shocks. (rElec)
You are resistant to unholy torment.
You are immune to petrification.


Message History

The ice beast hits you but does no damage.
You barely miss the ice beast.
The ice beast hits you but does no damage.
Here: Menkaure The floor.
You hit the ice beast.
The ice beast hits you but does no damage.
You hit the ice beast. You block the ice beast's attack.
You hit the ice beast but do no damage. Menkaure hits you but does no damage.
The ice beast hits you but does no damage.
You closely miss the ice beast. You barely miss the ice beast.
The ice beast barely misses you.
Menkaure gestures at you while chanting.
Pain shoots through your body!
You hit the ice beast but do no damage. The ice beast barely misses you.
Menkaure calls on the powers of darkness!
The ice beast convulses!
Your body is wracked with pain!
You hit the ice beast but do no damage. You block the ice beast's attack.
You closely miss the ice beast. Menkaure hits you. The ice beast hits you.
The ice beast freezes you!
* * * LOW HITPOINT WARNING * * *
You hit the ice beast. Menkaure hits you but does no damage.
The ice beast hits you but does no damage.
You closely miss the ice beast. You hit the ice beast.
The ice beast hits you but does no damage.
Menkaure hits you but does no damage.
You hit Menkaure but do no damage. The ice beast barely misses you.
Menkaure mumbles some strange words.
Menkaure seems to speed up.
You barely miss Menkaure.
The ice beast hits you but does no damage.
Menkaure calls on the powers of darkness!
The ice beast convulses!
Your body is wracked with pain!
* * * LOW HITPOINT WARNING * * *
You hit the ice beast.
You kill the ice beast!
The Council accepts your kill. Menkaure hits you!
You die...

#. #.. ♣.. #.
..♣P... #.
..P...# #.
#.##.....# #...
........#
#...###
#.......#
#...#..
#.M.....#
#...#.# #.@#
#...#.#######./#
#...>..........#
#.....########.#
#.............?+
#....#.####.####
###..#......#
#..#####..#
#........[#


You could see Menkaure (fast).

Vanquished Creatures
  Sigmund (D:2)
  A water moccasin (Sewer)
  Duvessa (D:4)
  An ice beast (D:5)
  An ogre (D:4)
  Blork the orc (D:5)
  Dowan (D:4)
  A hound (D:4)
  Jessica (D:3)
  2 iguanas
  Robin (D:2)
  5 adders
  An ufetubus (D:5)
  3 worms
  3 dart slugs (D:3)
  4 endoplasms
  6 giant cockroaches
  4 hobgoblins
  9 jackals
  9 quokkas
  5 ball pythons
  14 bats
  4 frilled lizards
  16 goblins
  7 kobolds
  7 rats
109 creatures vanquished.

Vanquished Creatures (others)
  A plant (D:1)
1 creature vanquished.

Grand Total: 110 creatures vanquished

Notes
Turn   | Place    | Note
-------+----------+-------------------------------------------
     0 | D:1      | theswoord the Gargoyle Gladiator began the quest for the
                  | Orb.
     0 | D:1      | Reached XP level 1. HP: 12/12 MP: 1/1
    79 | D:1      | Reached XP level 2. HP: 6/17 MP: 2/2
   169 | D:1      | Found a faded altar of an unknown god.
   412 | D:1      | Reached skill level 4 in Staves
   463 | D:1      | Reached XP level 3. HP: 20/21 MP: 3/3
   910 | D:2      | Noticed Sigmund
   921 | D:2      | Killed Sigmund
   922 | D:2      | Reached skill level 6 in Staves
   922 | D:2      | Reached XP level 4. HP: 16/26 MP: 4/4
   922 | D:2      | Reached XP level 5. HP: 19/30 MP: 5/5
  1153 | D:2      | Noticed Robin
  1158 | D:2      | Reached XP level 6. HP: 28/35 MP: 6/6
  1163 | D:2      | Killed Robin
  1847 | D:3      | Noticed Jessica
  1869 | D:3      | Killed Jessica
  1870 | D:3      | Reached skill level 7 in Staves
  2195 | D:3      | Found a glowing drain.
  2213 | Sewer    | Entered a sewer
  2244 | Sewer    | Noticed a water moccasin
  2254 | Sewer    | Killed a water moccasin
  2255 | Sewer    | Reached XP level 7. HP: 36/40 MP: 7/7
  2468 | D:3      | Found a glowing golden altar of the Shining One.
  2527 | D:4      | Reached skill level 8 in Staves
  2559 | D:4      | Found a shimmering altar of Xom.
  2656 | D:4      | Found a shadowy altar of Dithmenos.
  2721 | D:4      | Found an opulent altar of Gozag.
  2722 | D:4      | Noticed Duvessa
  2724 | D:4      | Noticed Dowan
  2731 | D:4      | Killed Duvessa
  2764 | D:4      | Killed Dowan
  2850 | D:4      | Found Ahismato's Book Shoppe.
  2905 | D:4      | Reached skill level 9 in Staves
  2969 | D:4      | Found a staircase to the Ecumenical Temple.
  2997 | Temple   | Entered the Ecumenical Temple
  3213 | Temple   | Became a worshipper of the Wu Jian Council
  3266 | D:4      | Found a glowing silver altar of Zin.
  3462 | D:5      | Entered Level 5 of the Dungeon
  3492 | D:5      | Noticed Blork the orc
  3501 | D:5      | Killed Blork the orc
  3502 | D:5      | Reached XP level 8. HP: 42/44 MP: 8/8
  3613 | D:5      | Noticed Menkaure
  3631 | D:5      | Slain by Menkaure

Skill      XL: |  1  2  3  4  5  6  7 |
---------------+----------------------+-----
Staves         | 4 6 7 9 |  9.3
Fighting       | |  2.1
Throwing       | |  1.7
Dodging        | |  2.4

Action                     |  1- 3 |  4- 6 |  7- 9 || total
---------------------------+-------+-------+-------++-------
  Melee: Quarterstaff      |    94 |   134 |    74 ||   302
  Throw: Throwing net      |     1 |     1 |     1 ||     3
Ability: Lunge             |       |       |     1 ||     1
    Use: Scroll            |     5 |     4 |     3 ||    12
 Armour: Leather armour    |    36 |    14 |       ||    50
         Plate armour      |       |    57 |    36 ||    93
  Dodge: Dodged            |    88 |    57 |    22 ||   167
  Block: Other             |       |    31 |     9 ||    40
         Reflection        |       |       |     1 ||     1

Levels and vault maps discovered:
D:1:      psy_arrival_dodecagon, layout_basic, shapermc_ecumenical_altar_ellora
D:2:      layout_loops_cross, uniq_sigmund, uniq_robin
D:3:      layout_rooms, tso_oasis_becter, portal_sewer_entry_f,
          minmay_pentangle, uniq_jessica
D:4:      layout_rooms, mainiacjoe_overflow_catwalk_spiral, kennysheep_mini,
          mainiacjoe_overflow_concentric_impassable,
          minmay_temple_entry_slanted, serial_shops, nicolae_shop_hallway_plus,
          uniq_duvessa
D:5:      layout_basic, serial_park_tiny_2, nrook_pool_corridor,
          minmay_crystal_water, serial_park_tiny_pond, hangedman_decor_growths,
          uniq_blork_the_orc, uniq_menkaure, uniq_pikel, uniq_prince_ribbit1
Temple:   hellmonk_temple_beads
